[Event "Titled Tuesday Blitz May 9 Early 2023"]
[White "Bilan, Danila"]
[Black "Carlsen, Magnus"]
[WhiteFideId "24161918"]
[BlackFideId "1503014"]
[WhiteElo "2182"]
[BlackElo "2852"]
[Result "0-1"]
[Round "01"]
[TimeControl "180+2"]
[Date "2023.05.09"]
[WhiteClock "0:00:00"]
[BlackClock "0:00:28"]

1. d4 a6 2. Nf3 d5 3. c4 dxc4 4. e3 Bg4 5. Bxc4 e6 6. Qb3 Bxf3 7. gxf3 b5 8. Be2 c5 9. dxc5 Bxc5 10. Qc3 Bf8 11. O-O Nf6 12. f4 Nbd7 13. Bf3 Rc8 14. Qd3 g5 15. f5 Ne5 16. Qxd8+ Rxd8 17. Bb7 Rb8 18. Bg2 exf5 19. Nc3 Bc5 20. Rd1 Rd8 21. Bd2 Ke7 22. Ne2 Ne4 23. Bc3 Nxc3 24. Nxc3 Rxd1+ 25. Rxd1 Rd8 26. Rxd8 Kxd8 27. Bb7 b4 28. Na4 Bd6 29. Bxa6 Kc7 30. b3 Nf3+ 31. Kg2 g4 32. h3 Ne1+ 33. Kf1 gxh3 34. Bc4 Nf3 35. Bxf7 Nd2+ 36. Kg1 Ne4 37. Bd5 Nc3 38. Bh1 Nxa2 39. Nb2 Nc1 40. Bd5 Kd7 0-1


[Site "https://www.chess.com"]

[Event "Titled Tuesday Blitz May 9 Early 2023"]
[White "Nakamura, Hikaru"]
[Black "Rengifo Blancas, Renzo Jhonathan"]
[WhiteFideId "2016192"]
[BlackFideId "3807185"]
[WhiteElo "2885"]
[BlackElo "2085"]
[Result "1-0"]
[Round "01"]
[TimeControl "180+2"]
[Date "2023.05.09"]
[WhiteClock "0:02:13"]
[BlackClock "0:00:07"]

1. Nf3 Nf6 2. b3 d5 3. Bb2 e6 4. c4 Be7 5. cxd5 exd5 6. e3 O-O 7. Nc3 Be6 8. h4 c5 9. d4 Nc6 10. Be2 cxd4 11. Nxd4 Rc8 12. O-O a6 13. Rc1 Re8 14. Nxc6 Rxc6 15. Bf3 Qa5 16. a3 Rec8 17. b4 Qd8 18. Ne2 Rxc1 19. Bxc1 Ne4 20. Nd4 Nc3 21. Qd3 Qc7 22. Bd2 Na4 23. Nxe6 fxe6 24. Bg4 Qd6 25. e4 Nb6 26. exd5 Nxd5 27. Re1 Nc7 28. Qxd6 Bxd6 29. Rxe6 Nxe6 30. Bxe6+ Kf8 31. Bxc8 1-0


[Site "https://www.chess.com"]

[Event "Titled Tuesday Blitz May 9 Early 2023"]
[White "Andreikin, Dmitry"]
[Black "Huber, Benedikt"]
[WhiteFideId "4158814"]
[BlackFideId "12923583"]
[WhiteElo "2736"]
[BlackElo "2215"]
[Result "1-0"]
[Round "01"]
[TimeControl "180+2"]
[Date "2023.05.09"]
[WhiteClock "0:01:29"]
[BlackClock "0:00:10"]

1. d4 e6 2. Nf3 f5 3. Bg5 Be7 4. h4 Nf6 5. Nbd2 O-O 6. e3 d5 7. c4 c6 8. Bd3 Ne4 9. Bxe7 Qxe7 10. h5 Nd7 11. Qc2 Ndf6 12. h6 Ng4 13. hxg7 Qxg7 14. Rf1 Bd7 15. Nb3 b6 16. O-O-O a5 17. Kb1 Be8 18. Nc1 Bh5 19. Rh1 Ngf6 20. Rh2 Kh8 21. Rdh1 Bxf3 22. gxf3 Nd6 23. Ne2 b5 24. c5 Nde4 25. Nf4 Ng5 26. Rg2 Rae8 27. Nh3 1-0


[Site "https://www.chess.com"]

[Event "Titled Tuesday Blitz May 9 Early 2023"]
[White "Deng, Henry"]
[Black "Bluebaum, Matthias"]
[WhiteFideId "30965454"]
[BlackFideId "24651516"]
[WhiteElo "2502"]
[BlackElo "2639"]
[Result "0-1"]
[Round "01"]
[TimeControl "180+2"]
[Date "2023.05.09"]
[WhiteClock "0:00:16"]
[BlackClock "0:00:39"]

1. e4 e6 2. d4 d5 3. Nd2 c5 4. Ngf3 cxd4 5. Nxd4 Nf6 6. exd5 Nxd5 7. Bb5+ Bd7 8. Bxd7+ Qxd7 9. N2f3 Bd6 10. O-O O-O 11. c4 Nf6 12. Nb5 Be7 13. Bf4 a6 14. Nc3 Rc8 15. Ne5 Qe8 16. Qf3 Nc6 17. Nxc6 Qxc6 18. Qxc6 Rxc6 19. Na4 b5 20. cxb5 axb5 21. Nc3 b4 22. Nb5 Nd5 23. Be5 Rca6 24. a4 Rxa4 25. b3 Rxa1 26. Rxa1 Rc8 27. h3 f6 28. Bg3 e5 29. f3 Nc3 30. Na7 Bc5+ 31. Bf2 Bxf2+ 32. Kxf2 Ra8 33. Ra5 Kf7 34. Nc6 Rxa5 35. Nxa5 Ke6 36. Ke3 Nd5+ 37. Kd2 Nf4 38. g3 Nxh3 39. Nc6 Ng5 40. Ke3 Kd6 41. Nxb4 Ne6 42. Nd3 Nd4 43. b4 Kd5 44. f4 e4 45. Nf2 Nc2+ 46. Ke2 Nxb4 47. g4 Kd4 48. Nd1 Nd5 49. f5 e3 50. Kf3 Kd3 51. Nb2+ Kc3 52. Nd1+ Kd2 53. Nb2 e2 54. Nc4+ Kc3 55. Kxe2 Kxc4 56. Kf3 Kd4 57. Kg3 Ke5 58. Kh4 Kf4 59. Kh5 Kg3 60. g5 Nf4# 0-1


[Site "https://www.chess.com"]

[Event "Titled Tuesday Blitz May 9 Early 2023"]
[White "Pranav, V"]
[Black "Jaskolka, Tomasz"]
[WhiteFideId "25060783"]
[BlackFideId "1170791"]
[WhiteElo "2515"]
[BlackElo "2155"]
[Result "1-0"]
[Round "01"]
[TimeControl "180+2"]
[Date "2023.05.09"]
[WhiteClock "0:00:04"]
[BlackClock "0:00:10"]

1. e4 e6 2. d3 d5 3. Nd2 c5 4. Ngf3 Nc6 5. g3 g6 6. Bg2 Bg7 7. O-O Nge7 8. Re1 b6 9. Nf1 a5 10. h4 h6 11. exd5 exd5 12. c3 O-O 13. Ne3 Kh7 14. d4 cxd4 15. cxd4 Be6 16. b3 Rc8 17. Ba3 Qd7 18. Rc1 Nf5 19. Nxf5 Bxf5 20. Bxf8 Rxf8 21. Ne5 Nxe5 22. dxe5 Be6 23. Qd4 b5 24. Rc5 Rd8 25. Bf1 Rb8 26. Rec1 Qa7 27. Rxd5 Qxd4 28. Rxd4 Bxe5 29. Rdd1 a4 30. Rc5 Bf6 31. Rxb5 Rxb5 32. Bxb5 axb3 33. axb3 Bxb3 34. Rd6 Kg7 35. Rd7 Be6 36. Rb7 Bd5 37. Ra7 h5 38. Rc7 Be6 39. Bc4 Bxc4 40. Rxc4 Be5 41. f4 Bd6 42. Kf2 Kf6 43. Kf3 Ke6 44. Re4+ Kf6 45. Ra4 Ke7 46. Ra7+ Ke6 47. Ke4 Bc5 48. Ra6+ Ke7 49. f5 Bd6 50. fxg6 fxg6 51. Kf3 Ke6 52. g4 hxg4+ 53. Kxg4 Ke5 54. Rb6 Kd5 55. Ra6 Ke5 56. Ra5+ Ke6 57. Ra1 Kf6 58. Rf1+ Kg7 59. Rc1 Kf6 60. Rf1+ Kg7 61. Rf3 Be7 62. Rb3 Kf7 63. Rb6 Kg7 64. Rc6 Kf7 65. Kg3 Kg7 66. Rc4 Kf7 67. Rg4 Kg7 68. h5 g5 69. Re4 Bf6 70. Kg4 Kf7 71. Ra4 Kg7 72. Kf5 Bd8 73. Rd4 Bb6 74. Rd7+ Kg8 75. Kg6 g4 76. h6 g3 77. h7+ Kh8 78. Rb7 Bd8 79. Rg7 g2 80. Rg8# 1-0


[Site "https://www.chess.com"]

[Event "Titled Tuesday Blitz May 9 Early 2023"]
[White "Baches Garcia, Guillermo"]
[Black "Abdrlauf, Elham"]
[WhiteFideId "2209764"]
[BlackFideId "1533533"]
[WhiteElo "2501"]
[BlackElo "2466"]
[Result "1-0"]
[Round "01"]
[TimeControl "180+2"]
[Date "2023.05.09"]
[WhiteClock "0:00:07"]
[BlackClock "0:00:00"]

1. e4 c6 2. d4 d5 3. e5 c5 4. Nf3 cxd4 5. Nxd4 Nc6 6. Nxc6 bxc6 7. Bd3 Ba6 8. e6 fxe6 9. Qh5+ Kd7 10. O-O Bxd3 11. cxd3 Nf6 12. Qh3 Ke8 13. Qxe6 Qd7 14. Qe2 e6 15. Nd2 Bd6 16. Nf3 Ke7 17. Re1 Rhe8 18. Bg5 Kf8 19. Ne5 Qc7 20. f4 Kg8 21. Rac1 Bxe5 22. fxe5 Nd7 23. d4 Rf8 24. Rc3 Rf5 25. Bh4 Qb6 26. Bf2 Raf8 27. Be3 a5 28. h3 a4 29. Kh1 h6 30. Bg1 Kh7 31. Qc2 Kg8 32. Rxc6 Qb4 33. Qc3 Qb5 34. Rxe6 Rf1 35. Rxf1 Qxf1 36. Re7 Rf7 37. Rxf7 Qxf7 38. Qf3 Qe6 39. Qd1 Qc6 40. Qe2 Nf8 41. Qd2 Qc4 42. Qc3 Qxa2 43. Qc5 Qb3 44. Qd6 Qxb2 45. Qxd5+ Kh7 46. Qf7 Ng6 47. e6 Qb3 48. Qf5 a3 49. e7 Qb7 50. e8=Q Qb6 51. Qee6 Qxe6 52. Qxe6 Nh4 53. Qa2 1-0


[Site "https://www.chess.com"]

[Event "Titled Tuesday Blitz May 9 Early 2023"]
[White "Martinez Alcantara, Jose Eduardo"]
[Black "Jovic, Stanoje"]
[WhiteFideId "3805662"]
[BlackFideId "905020"]
[WhiteElo "2711"]
[BlackElo "2236"]
[Result "1-0"]
[Round "01"]
[TimeControl "180+2"]
[Date "2023.05.09"]
[WhiteClock "0:02:19"]
[BlackClock "0:00:00"]

1. e4 c6 2. d4 d5 3. e5 c5 4. dxc5 e6 5. c3 Bxc5 6. Bd3 Nc6 7. Nf3 Nge7 8. Qe2 a5 9. h4 Bd7 10. Bf4 a4 11. Nbd2 Qb6 12. Rb1 Ng6 13. Bg3 Qa5 14. h5 Nge7 15. h6 g6 16. Bh4 Nf5 17. Bf6 Rg8 18. g4 Nfe7 19. Ng5 d4 20. O-O dxc3 21. bxc3 O-O-O 22. Rb5 Qa7 23. Nde4 b6 24. Nxc5 bxc5 25. Nxf7 Be8 26. Nxd8 Kxd8 27. Rfb1 Bd7 28. Rb7 Qa5 29. Qd2 Ke8 30. Bxg6+ 1-0


[Site "https://www.chess.com"]

[Event "Titled Tuesday Blitz May 9 Early 2023"]
[White "Yeritsyan, Hayk"]
[Black "Adhiban, B."]
[WhiteFideId "13307320"]
[BlackFideId "5018471"]
[WhiteElo "2498"]
[BlackElo "2587"]
[Result "1-0"]
[Round "01"]
[TimeControl "180+2"]
[Date "2023.05.09"]
[WhiteClock "0:00:37"]
[BlackClock "0:00:55"]

1. Nf3 c5 2. g3 Nc6 3. Bg2 g6 4. O-O Bg7 5. e4 d6 6. c3 e5 7. Na3 Nge7 8. Nc2 O-O 9. d4 exd4 10. cxd4 Bg4 11. Be3 d5 12. dxc5 dxe4 13. Qxd8 Raxd8 14. Ng5 Be2 15. Rfe1 Bd3 16. Bxe4 Bxb2 17. Rab1 Bc3 18. Red1 Bxc2 19. Bxc2 Nf5 20. Bxf5 gxf5 21. Rxd8 Rxd8 22. Rxb7 Ne5 23. Bf4 Ng4 24. Nxf7 Rd1+ 25. Kg2 Re1 26. Nh6+ Kf8 27. Nxg4 fxg4 28. c6 Ba5 29. c7 1-0


[Site "https://www.chess.com"]

[Event "Titled Tuesday Blitz May 9 Early 2023"]
[White "Bortnyk, Olexandr"]
[Black "Degenbaev, Aziz"]
[WhiteFideId "14120828"]
[BlackFideId "13802640"]
[WhiteElo "2734"]
[BlackElo "2152"]
[Result "1-0"]
[Round "01"]
[TimeControl "180+2"]
[Date "2023.05.09"]
[WhiteClock "0:00:05"]
[BlackClock "0:00:06"]

1. e4 c5 2. c3 Nf6 3. e5 Nd5 4. d4 cxd4 5. Nf3 Nc6 6. cxd4 d6 7. Bc4 dxe5 8. dxe5 Ndb4 9. Qb3 e6 10. O-O Bc5 11. a3 Na6 12. Bxa6 bxa6 13. Qc2 Qb6 14. Nc3 Nd4 15. Nxd4 Bxd4 16. Rd1 Bxc3 17. Qxc3 O-O 18. Be3 Qb5 19. a4 Qe2 20. Qc7 a5 21. Rd2 Qa6 22. Rc1 Qb7 23. Qxa5 Qe4 24. Rd4 Qf5 25. Qb5 a5 26. h4 Ba6 27. Qxa5 Bb7 28. Qb5 Bd5 29. a5 Rfb8 30. Qc5 h6 31. b4 Qg6 32. g3 Qf5 33. Rf4 Qh3 34. f3 Qxg3+ 35. Kf1 Qh3+ 36. Ke2 Qg2+ 37. Bf2 Rc8 38. Qxc8+ Rxc8 39. Rxc8+ Kh7 40. Rxf7 Qg6 41. Rcc7 Qb1 42. Rxg7+ Kh8 43. Rh7+ Kg8 44. Rcg7+ Kf8 45. Bc5+ Ke8 46. Rh8# 1-0


[Site "https://www.chess.com"]

[Event "Titled Tuesday Blitz May 9 Early 2023"]
[White "Nguyen Hong Nhung"]
[Black "Kozak, Adam"]
[WhiteFideId "12412201"]
[BlackFideId "753246"]
[WhiteElo "1996"]
[BlackElo "2469"]
[Result "1-0"]
[Round "01"]
[TimeControl "180+2"]
[Date "2023.05.09"]
[WhiteClock "0:00:27"]
[BlackClock "0:00:04"]

1. e4 c5 2. Nc3 d6 3. f4 g6 4. Nf3 Bg7 5. Bc4 Nc6 6. O-O e6 7. d3 Nge7 8. Qe1 O-O 9. f5 d5 10. Bb3 dxe4 11. dxe4 exf5 12. Qh4 Nd4 13. Bg5 Nxf3+ 14. Rxf3 Re8 15. Nd5 c4 16. Bxe7 Qa5 17. Bxc4 Be6 18. Bb4 Qa4 19. Bb3 Qb5 20. a4 Qa6 21. exf5 Bxd5 22. Bxd5 Qb6+ 23. Kh1 g5 24. Qxg5 Qxb4 25. f6 Re1+ 26. Rf1 Rxf1+ 27. Rxf1 Qf8 28. fxg7 Qxg7 29. Bxf7+ Kh8 30. Qxg7+ Kxg7 31. Bd5 Rb8 32. c4 b6 33. Rf7+ Kg6 34. Rxa7 Rf8 35. h3 Rf2 36. b4 Rb2 37. b5 h5 38. Rb7 Kg5 39. Rxb6 Kh4 40. Kh2 Rb3 41. Bf3 Rb2 42. Rh6 Kg5 43. Rxh5+ Kf4 44. a5 Ra2 45. a6 Ke3 46. Re5+ Kf4 47. Re7 Kg5 48. a7 Kh4 49. a8=Q Rxa8 50. Bxa8 Kg5 51. b6 Kh4 52. b7 Kg5 53. b8=Q Kh5 54. Qg8 Kh6 55. Rh7# 1-0


[Site "https://www.chess.com"]

[Event "Titled Tuesday Blitz May 9 Early 2023"]
[White "Bok, Benjamin"]
[Black "Shukhman, Anna"]
[WhiteFideId "1017063"]
[BlackFideId "54180058"]
[WhiteElo "2657"]
[BlackElo "2235"]
[Result "1-0"]
[Round "01"]
[TimeControl "180+2"]
[Date "2023.05.09"]
[WhiteClock "0:00:13"]
[BlackClock "0:00:15"]

1. d4 Nf6 2. c4 g6 3. g3 Bg7 4. Bg2 O-O 5. Nc3 d6 6. Nf3 Nc6 7. O-O a6 8. b3 Rb8 9. d5 Na5 10. Bg5 b5 11. cxb5 axb5 12. b4 Nc4 13. Qb3 Bb7 14. Rfd1 h6 15. Bxf6 Bxf6 16. a4 Nb6 17. a5 Nc4 18. Rac1 Qd7 19. Nd4 Bxd4 20. Rxd4 c5 21. dxc6 Bxc6 22. Bxc6 Qxc6 23. Nd5 Qb7 24. Ne3 e5 25. Rdd1 Rfc8 26. Nxc4 bxc4 27. Rxc4 Rxc4 28. Qxc4 Qxb4 29. Qxb4 Rxb4 30. Rxd6 Ra4 31. a6 Kf8 32. Rb6 Ke7 33. Rb7+ Ke6 34. a7 f5 35. f3 g5 36. Rh7 g4 37. Rxh6+ Kd5 38. fxg4 fxg4 39. Rg6 Rxa7 40. Rxg4 Ra2 41. Kf2 e4 42. h4 Ke5 43. Rg8 Ra1 44. Re8+ Kf5 45. Rf8+ Ke5 46. h5 Rh1 47. g4 Kd4 48. Rd8+ Ke5 49. Kg2 Re1 50. Kf2 Rh1 51. e3 Rh3 52. Re8+ Kd5 53. Rf8 Ke5 54. Rf5+ Ke6 55. Ra5 Rf3+ 56. Ke2 Rh3 57. h6 Rh2+ 58. Kf1 Rh1+ 59. Kg2 Re1 60. h7 Re2+ 61. Kg3 Rxe3+ 62. Kf4 Rh3 63. Rh5 Rf3+ 64. Kxe4 Rf8 65. h8=Q Rxh8 66. Rxh8 Kf6 67. Rh5 Kg7 68. Kf4 Kg6 69. Ra5 Kf6 70. Ra6+ Kg7 71. Kf5 Kf7 72. Ra8 1-0


[Site "https://www.chess.com"]

[Event "Titled Tuesday Blitz May 9 Early 2023"]
[White "Sargsyan, Shant"]
[Black "Namitbir Singh Walia"]
[WhiteFideId "13306766"]
[BlackFideId "35071068"]
[WhiteElo "2628"]
[BlackElo "2239"]
[Result "1/2-1/2"]
[Round "01"]
[TimeControl "180+2"]
[Date "2023.05.09"]
[WhiteClock "0:00:02"]
[BlackClock "0:00:03"]

1. c4 Nf6 2. g3 e5 3. Bg2 d5 4. cxd5 Nxd5 5. Nc3 Nb6 6. d3 Be7 7. Be3 O-O 8. Rc1 c6 9. Nf3 N8d7 10. O-O Nd5 11. Bd2 Bd6 12. a3 N7b6 13. Ne4 Bc7 14. Nc5 Qe7 15. Qc2 h6 16. Rfe1 Nd7 17. e4 N5b6 18. Bb4 Bd6 19. d4 exd4 20. Nxd4 Nxc5 21. Bxc5 Bxc5 22. Qxc5 Qxc5 23. Rxc5 Rd8 24. Rd1 Bg4 25. f3 Be6 26. Rcc1 Bc4 27. Kf2 Kf8 28. h4 Ba6 29. b3 g6 30. h5 Ke7 31. hxg6 fxg6 32. Bh3 Rd6 33. Ke3 Rad8 34. Rc5 Nd7 35. Bxd7 R6xd7 36. f4 Bb5 37. a4 b6 38. Re5+ Kf7 39. axb5 c5 40. Ra1 Rxd4 41. Rxa7+ Kf6 42. Rd5 R8xd5 43. exd5 Rb4 44. d6 Rxb3+ 45. Ke4 Rxb5 46. Kd5 Rb4 47. Kc6 Rd4 48. Ra8 c4 49. d7 c3 50. Rf8+ Ke7 51. Re8+ Kf7 52. Re3 Rc4+ 53. Kd5 Rc5+ 54. Kd6 Rc4 55. Kd5 Rc5+ 56. Kd4 c2 57. d8=Q Rc4+ 58. Kd5 Rc5+ 59. Kd4 Rc4+ 60. Kd3 Rc3+ 61. Kd4 Rc4+ 1/2-1/2


[Site "https://www.chess.com"]

[Event "Titled Tuesday Blitz May 9 Early 2023"]
[White "Staudenhocker43"]
[Black "Tang, Andrew"]
[BlackFideId "2059630"]
[WhiteElo "2492"]
[BlackElo "2596"]
[Result "0-1"]
[Round "01"]
[TimeControl "180+2"]
[Date "2023.05.09"]
[WhiteClock "0:00:04"]
[BlackClock "0:00:06"]

1. d4 d5 2. c4 e6 3. Nf3 Nf6 4. Nc3 Be7 5. Bf4 O-O 6. e3 b6 7. Bd3 c5 8. cxd5 Nxd5 9. Nxd5 exd5 10. O-O c4 11. Bc2 b5 12. Ne5 Be6 13. e4 f6 14. Nf3 Nc6 15. h3 Qd7 16. Re1 Rae8 17. Bh2 Rd8 18. e5 f5 19. a3 a5 20. Qd2 h6 21. h4 Qe8 22. Bd1 Ra8 23. Bf4 Qg6 24. g3 Rfb8 25. Kg2 b4 26. Ba4 Nd8 27. Qe3 Nf7 28. Rh1 Qh5 29. Bd1 Qg6 30. h5 Qh7 31. Ba4 Rb6 32. axb4 axb4 33. Bc2 Rab8 34. Ra7 R6b7 35. Rha1 Ng5 36. Nxg5 hxg5 37. Bxg5 Bf8 38. g4 c3 39. bxc3 b3 40. Bb1 b2 41. R1a2 g6 42. h6 Rxa7 43. Rxa7 Qxa7 44. gxf5 gxf5 45. Qg3 Kh7 46. Bf6 Qf7 47. Qg5 Qg6 48. f4 Bxh6 49. Qxg6+ Kxg6 0-1


[Site "https://www.chess.com"]

[Event "Titled Tuesday Blitz May 9 Early 2023"]
[White "Korelskiy, Egor"]
[Black "Matlakov, Maxim"]
[WhiteFideId "34329064"]
[BlackFideId "4168003"]
[WhiteElo "2156"]
[BlackElo "2666"]
[Result "0-1"]
[Round "01"]
[TimeControl "180+2"]
[Date "2023.05.09"]
[WhiteClock "0:00:00"]
[BlackClock "0:00:14"]

1. e4 c6 2. Nc3 d5 3. Nf3 dxe4 4. Nxe4 Nf6 5. Qe2 Nxe4 6. Qxe4 Qa5 7. Bc4 Bf5 8. Qf4 e6 9. c3 Nd7 10. O-O Be7 11. d4 O-O 12. Re1 Nf6 13. h3 b5 14. Bb3 Qd8 15. Qd2 a5 16. Bc2 Bxc2 17. Qxc2 Qd5 18. b3 a4 19. Bb2 a3 20. Bc1 c5 21. Be3 Rfc8 22. Qe2 cxd4 23. Bxd4 Qf5 24. Rad1 h6 25. Be5 Nd5 26. Qd2 Bf6 27. Nd4 Qg6 28. Bxf6 Qxf6 29. Nxb5 Rc5 30. c4 Nf4 31. Qe3 Rg5 32. g3 Nxh3+ 33. Kg2 Nf4+ 34. Kg1 h5 35. Qf3 Rf8 36. Kf1 Rf5 37. gxf4 Rxf4 38. Qg3 h4 39. Qh2 e5 40. Re3 e4 41. Nc7 Rg4 42. Nd5 Qg5 43. Ke2 f5 44. Qd6 f4 45. Qe6+ Kh8 46. Rxe4 f3+ 47. Kd3 Rxe4 48. Qxe4 Qh6 49. Rh1 g5 50. Qe5+ Kh7 51. Qe7+ Kh8 52. Rg1 Qg6+ 53. Kd2 Rf5 54. Qd8+ Kh7 55. Ne7 Qg7 56. Nxf5 Qb2+ 57. Ke3 Qe2+ 58. Kd4 Qd2+ 59. Ke4 Qxd8 60. Kxf3 Qd3+ 61. Kg4 Qe4+ 62. Kxg5 h3 63. Rg4 Qg2 64. Ng3 h2 65. Rh4+ Kg8 66. Kg4 Qxf2 67. Kh3 Qxa2 68. Rg4+ Kf8 69. Rf4+ Ke8 70. Rf1 Qxb3 71. Kxh2 a2 72. Ne4 Qb1 73. Rxb1 axb1=Q 0-1


[Site "https://www.chess.com"]

[Event "Titled Tuesday Blitz May 9 Early 2023"]
[White "Hakobyan, Aram"]
[Black "Zavortink, Matt"]
[WhiteFideId "13306677"]
[BlackFideId "2034263"]
[WhiteElo "2584"]
[BlackElo "2485"]
[Result "1-0"]
[Round "01"]
[TimeControl "180+2"]
[Date "2023.05.09"]
[WhiteClock "0:00:31"]
[BlackClock "0:00:00"]

1. d4 d5 2. c4 c6 3. cxd5 cxd5 4. Bf4 Nf6 5. e3 Nc6 6. Bd3 h6 7. Nc3 a6 8. h3 e6 9. Rc1 Bd6 10. Bxd6 Qxd6 11. f4 O-O 12. Nf3 b5 13. Ne5 Ne7 14. O-O Bb7 15. Qf3 Rac8 16. a3 Rc7 17. Rc2 Rfc8 18. Rfc1 Qb6 19. Kh2 Nf5 20. g4 Nd6 21. g5 hxg5 22. fxg5 Nfe4 23. Rg2 Nf5 24. g6 f6 25. Nf7 Kf8 26. Qh5 Rxf7 27. gxf7 Qd6+ 28. Kg1 Ke7 29. Nxd5+ exd5 30. Rxc8 Bxc8 31. Qh8 Kxf7 32. Qxc8 Nxe3 33. Qb7+ Ke6 34. Rxg7 1-0


[Site "https://www.chess.com"]

[Event "Titled Tuesday Blitz May 9 Early 2023"]
[White "Turzo, Attila"]
[Black "Terry, Renato"]
[WhiteFideId "704954"]
[BlackFideId "3803457"]
[WhiteElo "2482"]
[BlackElo "2575"]
[Result "0-1"]
[Round "01"]
[TimeControl "180+2"]
[Date "2023.05.09"]
[WhiteClock "0:01:01"]
[BlackClock "0:02:15"]

1. d4 e6 2. Bf4 Nf6 3. e3 b6 4. Nf3 Bb7 5. h3 Bd6 6. Bxd6 cxd6 7. Nbd2 d5 8. c4 O-O 9. cxd5 Nxd5 10. Bd3 Nc6 11. a3 Rc8 12. O-O Nce7 13. Qa4 a6 14. Rfc1 b5 15. Qd1 Rxc1 16. Rxc1 Qb8 17. Ne4 d6 18. Nc3 h6 19. Nxd5 Nxd5 20. Nd2 Nf6 21. Be2 e5 22. dxe5 dxe5 23. Bf3 e4 24. Be2 Rd8 25. Qc2 Rc8 26. Qb1 Rd8 27. Nb3 Qe5 28. Nd4 Nd5 29. Qc2 Nf4 30. exf4 Qxd4 31. Rd1 Qb6 32. Rxd8+ Qxd8 33. Qd1 Qc7 34. Qd2 Qc5 35. g3 Qc6 36. Bf1 e3 37. fxe3 Qh1+ 38. Kf2 Qf3+ 39. Ke1 Qxg3+ 40. Qf2 Qg6 41. Kd2 Be4 42. Kc1 Qc6+ 43. Kd1 Bf3+ 44. Kd2 Qd5+ 45. Kc1 Qd1# 0-1


[Site "https://www.chess.com"]

[Event "Titled Tuesday Blitz May 9 Early 2023"]
[White "Ter-Sahakyan, Samvel"]
[Black "Rodriguez, Santiago"]
[WhiteFideId "13302531"]
[BlackFideId "3000591"]
[WhiteElo "2545"]
[BlackElo "2249"]
[Result "1-0"]
[Round "01"]
[TimeControl "180+2"]
[Date "2023.05.09"]
[WhiteClock "0:00:11"]
[BlackClock "0:00:07"]

1. d4 Nf6 2. Nc3 d5 3. Bf4 c6 4. e3 Bf5 5. Nf3 e6 6. Bd3 Qa5 7. O-O Nbd7 8. Bxf5 exf5 9. Ne2 Be7 10. b3 O-O 11. c4 Ne4 12. Qc2 Rac8 13. a3 Ndf6 14. b4 Qa6 15. Rfc1 dxc4 16. Qxc4 Qxc4 17. Rxc4 Nd5 18. h4 h6 19. Ne5 a5 20. bxa5 Ra8 21. f3 Nd6 22. Rc2 Rxa5 23. a4 Rfa8 24. Rca2 g5 25. hxg5 hxg5 26. Bg3 Nxe3 27. Be1 R5a7 28. Nc3 Bf6 29. Bf2 Nec4 30. Nd7 Bg7 31. Nc5 b5 32. axb5 Rxa2 33. Rxa2 Rxa2 34. Nxa2 Nxb5 35. Nb3 Bf8 36. Nac1 Nc3 37. Nd3 Kg7 38. g3 Kg6 39. Kg2 f6 40. Nbc5 Bxc5 41. Nxc5 Nb5 42. Ne6 Nb6 43. Nd8 Na7 44. d5 Nxd5 45. Bxa7 Ne7 46. Bc5 Nd5 47. Nxc6 f4 48. Ne7+ Kf7 49. Nxd5 1-0


[Site "https://www.chess.com"]

[Event "Titled Tuesday Blitz May 9 Early 2023"]
[White "Sarana, Alexey"]
[Black "koncheto"]
[WhiteFideId "24133795"]
[WhiteElo "2714"]
[BlackElo "2482"]
[Result "1-0"]
[Round "01"]
[TimeControl "180+2"]
[Date "2023.05.09"]
[WhiteClock "0:00:49"]
[BlackClock "0:00:00"]

1. d4 Nf6 2. c4 e6 3. Nc3 c5 4. d5 exd5 5. cxd5 d6 6. e4 g6 7. h3 Bg7 8. Nf3 O-O 9. Bd3 b5 10. Nxb5 Nxe4 11. Bxe4 Qa5+ 12. Nc3 Re8 13. Ng5 h6 14. Ne6 Ba6 15. Qc2 Nc6 16. dxc6 Rxe6 17. Kd1 d5 18. Bf3 d4 19. Qa4 Qb6 20. Nd5 1-0


[Site "https://www.chess.com"]

[Event "Titled Tuesday Blitz May 9 Early 2023"]
[White "WindWhistler11"]
[Black "Nguyen, Ngoc Truong Son"]
[BlackFideId "12401110"]
[WhiteElo "2479"]
[BlackElo "2556"]
[Result "0-1"]
[Round "01"]
[TimeControl "180+2"]
[Date "2023.05.09"]
[WhiteClock "0:00:32"]
[BlackClock "0:02:29"]

1. Nf3 Nf6 2. g3 d5 3. c4 d4 4. e3 dxe3 5. fxe3 g6 6. Bg2 Bg7 7. O-O O-O 8. Nc3 c5 9. b3 Nc6 10. Ba3 b6 11. Ne5 Nxe5 12. Bxa8 Bg4 13. Bf3 Bxf3 14. Rxf3 Qxd2 15. Rxf6 Qxe3+ 16. Kg2 Bxf6 17. Nd5 Qe4+ 18. Kh3 Nd3 19. Nxf6+ exf6 0-1


[Site "https://www.chess.com"]

[Event "Titled Tuesday Blitz May 9 Early 2023"]
[White "Shimanov, Aleksandr"]
[Black "Arat, Ufuk Sezen"]
[WhiteFideId "4198603"]
[BlackFideId "6309089"]
[WhiteElo "2631"]
[BlackElo "2289"]
[Result "1-0"]
[Round "01"]
[TimeControl "180+2"]
[Date "2023.05.09"]
[WhiteClock "0:00:09"]
[BlackClock "0:00:05"]

1. e4 c5 2. d4 cxd4 3. Qxd4 Nc6 4. Qd3 e6 5. Nc3 Nf6 6. Bf4 Bb4 7. O-O-O O-O 8. Nge2 h6 9. e5 Ng4 10. Qg3 f5 11. h3 g5 12. hxg4 gxf4 13. Nxf4 Qg5 14. Rh5 Qxg4 15. Qxg4+ fxg4 16. g3 Kg7 17. Ne4 Rf5 18. Rxf5 exf5 19. Nd6 Nxe5 20. Nxf5+ Kf6 21. Ne3 Bc5 22. Be2 Bxe3+ 23. fxe3 b6 24. Rd6+ Ke7 25. Rxh6 Bb7 26. Rh7+ Kd6 27. Kd2 Rc8 28. c3 Nf3+ 29. Kd1 Be4 30. Rh6+ Ke7 31. Nd3 Rf8 32. Nf2 Bf5 33. Bxf3 gxf3 34. g4 Be6 35. a3 Rg8 36. Rh4 Kf6 37. Kd2 Kg5 38. Rh5+ Kg6 39. Rh1 Kf6 40. Rg1 Ke5 41. Rg3 Bd5 42. Rh3 Rf8 43. Rh5+ Kd6 44. e4 Be6 45. Ke3 a6 46. Rh3 Kc5 47. Rxf3 Rg8 48. Rg3 Kc4 49. Rg2 Kb3 50. Nd3 Rh8 51. g5 Rh3+ 52. Kd4 Rh7 53. Nf4 Rg7 54. Nxe6 dxe6 55. Ke5 Rg6 56. Kf4 a5 57. Kg4 Rg8 58. Kh5 Rh8+ 59. Kg6 Rh4 60. e5 Rf4 61. Kh7 Rh4+ 62. Kg7 Rh5 63. Kf6 b5 64. g6 Rh6 65. Kxe6 b4 66. axb4 axb4 67. cxb4 Kxb4 68. Kf7 Kb3 69. g7 Rh7 70. Kf8 1-0


[Site "https://www.chess.com"]

[Event "Titled Tuesday Blitz May 9 Early 2023"]
[White "Bettalli, Francesco"]
[Black "Chigaev, Maksim"]
[WhiteFideId "2816453"]
[BlackFideId "4108116"]
[WhiteElo "2216"]
[BlackElo "2558"]
[Result "0-1"]
[Round "01"]
[TimeControl "180+2"]
[Date "2023.05.09"]
[WhiteClock "0:00:01"]
[BlackClock "0:00:02"]

1. d4 Nf6 2. Nc3 e6 3. e4 d5 4. Bg5 Be7 5. e5 Nfd7 6. Bxe7 Qxe7 7. f4 a6 8. Nf3 c5 9. Bd3 Nc6 10. dxc5 Nxc5 11. O-O b5 12. Qd2 O-O 13. Ne2 b4 14. Ned4 Nxd4 15. Nxd4 a5 16. Rae1 Qa7 17. Qf2 Nxd3 18. cxd3 Ba6 19. Qe3 Rac8 20. Rc1 a4 21. Kf2 a3 22. b3 Rc3 23. Rxc3 bxc3 24. Nc2 Qe7 25. Rc1 f6 26. Kg1 fxe5 27. fxe5 h6 28. Nd4 Qc5 29. g3 Rf3 30. Qxf3 Qxd4+ 31. Qf2 Qxd3 32. Qb6 Kh7 33. Qxe6 c2 34. Kg2 Qd2+ 35. Kh3 Bd3 36. Rxc2 Bxc2 37. Qf7 Be4 38. e6 Qg2+ 39. Kg4 Qe2+ 40. Kh3 Bg6 41. Qd7 Bf5+ 42. Kh4 Qg4# 0-1


[Site "https://www.chess.com"]

[Event "Titled Tuesday Blitz May 9 Early 2023"]
[White "Demchenko, Anton"]
[Black "Przybylski, Wojciech"]
[WhiteFideId "4160258"]
[BlackFideId "1117599"]
[WhiteElo "2545"]
[BlackElo "2222"]
[Result "1-0"]
[Round "01"]
[TimeControl "180+2"]
[Date "2023.05.09"]
[WhiteClock "0:00:04"]
[BlackClock "0:00:15"]

1. e4 e5 2. Nf3 Nc6 3. Bc4 Nf6 4. d3 Be7 5. O-O O-O 6. Re1 d6 7. a4 Be6 8. Bxe6 fxe6 9. c3 Qd7 10. Nbd2 Rae8 11. b4 Kh8 12. b5 Nd8 13. d4 exd4 14. cxd4 Nf7 15. Bb2 Bd8 16. Rc1 e5 17. dxe5 Nxe5 18. Nxe5 dxe5 19. Nc4 Qf7 20. Nxe5 Qa2 21. Qc2 Be7 22. Nc4 Bc5 23. Ra1 Bxf2+ 24. Kh1 Qxa1 25. Rxa1 Nxe4 26. Nd2 Ng3+ 27. hxg3 Re6 28. Bxg7+ Kxg7 29. Qc3+ Rff6 30. Rf1 Re3 31. Qxc7+ Rf7 32. Qxf7+ Kxf7 33. Rxf2+ Kg6 34. Rf4 Re1+ 35. Kh2 Re2 36. Nf3 Ra2 37. Ne5+ Kg5 38. Kh3 h5 39. Nf3+ Kg6 40. g4 h4 41. Nxh4+ Kg5 42. Rf5+ Kh6 43. Rh5+ Kg7 44. Nf5+ Kf6 45. Rh6+ Kg5 46. Rh5+ Kf4 47. Rh7 Ra3+ 48. g3+ Kg5 49. Rxb7 Rxa4 50. Nh4 Ra1 51. Nf3+ Kg6 52. b6 Rh1+ 53. Kg2 Rb1 54. bxa7 Rxb7 55. a8=Q Rb2+ 56. Kh3 Rh2+ 57. Nxh2 Kh6 58. Qc6+ Kg5 59. Nf3# 1-0


[Site "https://www.chess.com"]